 Dungeon Crawl Stone Soup version 0.20.0-15-g7f486f2 (webtiles) character file.

43 skittles the Firebug (level 3, 0/26 HPs)
             Began as a Draconian Fire Elementalist on June 9, 2017.
             Slain by Sigmund
             ... wielding a +0 scythe
              (4 damage)
             ... on level 2 of the Dungeon.
             The game lasted 00:03:51 (1256 turns).

skittles the Firebug (Draconian Fire Elementalist)  Turns: 1256, Time: 00:03:52

Health: 0/26       AC:  5    Str: 10    XL:     3   Next: 37%
Magic:  2/6        EV: 12    Int: 16    God:
Gold:   117        SH:  0    Dex: 11    Spells: 2/6 levels left

rFire    . . .     SeeInvis .   i - +0 spear
rCold    . . .     Gourm    .   (no shield)
rNeg     . . .     Faith    .   (armour unavailable)
rPois    .         Spirit   .   (helmet restricted)
rElec    .         Reflect  .   (no cloak)
rCorr    .         Harm     .   (no gloves)
MR       .....                  (no boots)
Stlth    ++........             (no amulet)
Regen    0.1/turn               (no ring)
MPRegen  0.1/turn               (no ring)

@: very slightly contaminated
A: unfitting armour, cold-blooded, AC +5
a: no special abilities


You were on level 2 of the Dungeon.
You were hungry.

You visited 1 branch of the dungeon, and saw 2 of its levels.

You collected 117 gold pieces.

Inventory:

Hand Weapons
 d - a +0 whip
 i - a +0 spear (weapon)
Scrolls
 c - a scroll of fear {unknown}
 e - 2 scrolls of immolation {unknown}
 j - a scroll of teleportation {unknown}
Potions
 f - a potion of magic {unknown}
 g - 2 potions of invisibility {unknown}
 h - 3 potions of flight {unknown}
Books
 a - a book of Flames

   Spells                             Type                      Level
   a - Flame Tongue                   Conjuration/Fire             1
   b - Throw Flame                    Conjuration/Fire             2
   c - Conjure Flame                  Conjuration/Fire             3
   d - Inner Flame                    Hexes/Fire                   3
   e - Sticky Flame                   Conjuration/Fire             4
   f - Fireball                       Conjuration/Fire             5
Comestibles
 b - 2 bread rations


   Skills:
 - Level 1.7 Dodging
 - Level 1.7 Stealth
 - Level 2.0 Spellcasting
 + Level 2.4 Conjurations
 + Level 3.7 Fire Magic


You had 2 spell levels left.
You knew the following spells:

 Your Spells              Type           Power        Failure   Level  Hunger
a - Flame Tongue          Conj/Fire      ##...        6%          1    #......
b - Conjure Flame         Conj/Fire      ##......     17%         3    ###....


Dungeon Overview and Level Annotations

Branches:
Dungeon (2/15)

Altars:

Annotations:
D:2 Natasha, Sigmund


Innate Abilities, Weirdness & Mutations

Your plain brown scales are hard. (AC +5)
You cannot fit into any form of body armour.
You are cold-blooded and may be slowed by cold attacks.


Message History

Sigmund is heavily wounded.
Sigmund casts a spell at you. The magic dart hits you!
Casting: Flame Tongue
Confirm with . or Enter, or press ? or * to list all spells.
Aiming: Flame Tongue
Press: ? - help, Shift-Dir - straight line, f/p - Sigmund
Aim: Sigmund, wielding a scythe and wearing a robe (heavily wounded)
You miscast Flame Tongue.
You are very lightly contaminated with residual magic.
Nothing appears to happen.
Sigmund hits you with a scythe!
* * * LOW HITPOINT WARNING * * *
Casting: Flame Tongue
Confirm with . or Enter, or press ? or * to list all spells.
Aiming: Flame Tongue
Press: ? - help, Shift-Dir - straight line, f/p - Sigmund
Aim: Sigmund, wielding a scythe and wearing a robe (heavily wounded)
The flame tongue misses Sigmund.
The rat closely misses you. Sigmund hits you with a scythe.
You die...

#.. .....#. ...
#.. ....... ..
#.. ..%.... ..
#>5 .......#. #..
......... #..
........#########
###..
.................
.....
......r@..#####
###..
......@##.<...#
### .......
#####..... ...
....... ### ###
....... ......#
.....# #####


You could see Sigmund and a rat.

Vanquished Creatures
  An adder (D:2)
  3 dart slugs (D:1)
  A leopard gecko (D:2)
  4 goblins
  3 hobgoblins
  2 jackals (D:2)
  7 bats (D:1)
  6 rats
27 creatures vanquished.

Notes
Turn   | Place    | Note
-------+----------+-------------------------------------------
     0 | D:1      | skittles the Draconian Fire Elementalist began the quest for the Orb.
     0 | D:1      | Reached XP level 1. HP: 14/14 MP: 3/3
   338 | D:1      | Reached XP level 2. HP: 19/20 MP: 0/5
   920 | D:2      | Noticed Natasha
   922 | D:2      | Reached XP level 3. HP: 24/26 MP: 6/6
  1245 | D:2      | Noticed Sigmund
  1251 | D:2      | Learned a level 3 spell: Conjure Flame
  1256 | D:2      | Slain by Sigmund

Skill      XL: |  1  2 |
---------------+-------+-----
Conjurations   | 2 |  2.4
Dodging        | |  1.7
Stealth        | |  1.7
Spellcasting   | |  2.0
Fire Magic     | |  3.7

Action                   || total
-------------------------++-------
Melee: Whip              ||    48
       Tailslap          ||     4
       Spear             ||    65
 Cast: Flame Tongue      ||    22
 Stab: Sleeping          ||     3
  Eat: Chunk             ||     1
Armor: Skin              ||    75
Dodge: Dodged            ||   131
